 Dungeon Crawl Stone Soup version 0.31-a0-219-g8d62b2e7bb (webtiles) character file.

Game seed: 16913451617438542344

98 AltDragon the Trooper (level 4, 0/41 HPs)
             Began as a Minotaur Fighter on July 3, 2023.
             Slain by a gnoll
             ... wielding a +0 halberd
              (12 damage)
             ... on level 3 of the Dungeon.
             The game lasted 00:07:28 (1540 turns).

AltDragon the Trooper (Minotaur Fighter)            Turns: 1540, Time: 00:07:28

Health: 0/41       AC:  7    Str: 22    XL:     4   Next: 44%
Magic:  3/3        EV: 10    Int: 11    God:
Gold:   147        SH:  4    Dex: 10    Spells: 3/3 levels left

rFire   . . .        a - +1 war axe
rCold   . . .        c - +0 buckler
rNeg    . . .        b - +0 scale mail
rPois   .            (helmet restricted)
rElec   .            (no cloak)
rCorr   .            (no gloves)
SInv    .            (no boots)
Will    .....        (no amulet) Stlth
                     g - +6 ring of intelligence
HPRegen 0.26/turn    (no ring)
MPRegen 0.08/turn

%: no passive effects
@: no status effects
A: horns 2, retaliatory headbutt
a: no special abilities


You were on level 3 of the Dungeon.
You visited 1 branch of the dungeon, and saw 3 of its levels.

You collected 147 gold pieces.

Inventory:

Hand Weapons
 a - a +1 war axe (weapon)
Armour
 b - a +0 scale mail (worn)
 c - a +0 buckler (worn)
Jewellery
 g - a +6 ring of intelligence (left hand)
Scrolls
 e - a scroll of blinking {unknown}
 f - 5 scrolls of identify
 k - a scroll of enchant weapon
 l - a scroll of noise
Potions
 d - a potion of might
 h - 3 potions of brilliance {unknown}
 i - a potion of berserk rage
 j - a potion of curing {unknown}


   Skills:
 + Level 4.3 Fighting
 * Level 4.0 Axes
 + Level 4.2 Armour
 + Level 1.8 Dodging
 - Level 3.6 Shields


You had 3 spell levels left.
You didn't know any spells.
Your spell library was empty.

Dungeon Overview and Level Annotations

Branches:
Dungeon (3/15)

Altars:

Annotations:
D:3 Natasha


Innate Abilities, Weirdness & Mutations

You have a pair of horns on your head.
You reflexively headbutt those who attack you in melee.


Message History

Things that are here:
a +0 whip; a gnoll corpse
Things that are here:
a +0 whip; a gnoll corpse
Things that are here:
a +0 whip; a gnoll corpse
Things that are here:
a +0 whip; a gnoll corpse
Things that are here:
a +0 whip; a gnoll corpse
Things that are here:
a +0 whip; a gnoll corpse
Things that are here:
a +0 whip; a gnoll corpse
Things that are here:
a +0 whip; a gnoll corpse
Things that are here:
a +0 whip; a gnoll corpse
Things that are here:
a +0 whip; a gnoll corpse
Things that are here:
a +0 whip; a gnoll corpse
Things that are here:
a +0 whip; a gnoll corpse You closely miss the gnoll.
You headbutt the gnoll.
The gnoll is lightly wounded.
The gnoll hits you but does no damage. The gnoll closely misses you.
You hit the gnoll.
The gnoll is moderately wounded.
The gnoll closely misses you. The gnoll barely misses you.
The gnoll hits you but does no damage. You block the gnoll's attack.
You slash the gnoll!
You kill the gnoll!
The gnoll hits you from afar with a +0 halberd.
* * * LOW HITPOINT WARNING * * *
Your Axes skill increases to level 4!
You hit the gnoll. Your headbutt misses the gnoll.
The gnoll is moderately wounded.
The gnoll hits you from afar with a +0 halberd!
You die...

.....<.....)......#
#................#
#(...†.##.......####
#.......##..(......#
#....#........####...
#....#...#....#
#......###....# .#
.....###
##...######...#.
#.... ##....@g.......
#######g......
....... .......
#...... #...#. ####


You could see 2 gnolls.

Vanquished Creatures
  2 gnolls (D:3)
  2 worms
  3 dart slugs
  6 ball pythons
  5 endoplasms
  3 giant cockroaches
  9 goblins
  2 hobgoblins
  9 jackals
  3 quokkas (D:1)
  A bat (D:1)
  4 frilled lizards
  5 kobolds
  6 rats
60 creatures vanquished.

Notes
Turn   | Place    | Note
-------+----------+-------------------------------------------
     0 | D:1      | AltDragon the Minotaur Fighter began the quest for the Orb.
     0 | D:1      | Reached XP level 1. HP: 19/19 MP: 0/0
    32 | D:1      | Reached XP level 2. HP: 22/27 MP: 1/1
   304 | D:1      | Reached skill level 1 in Dodging
   468 | D:1      | Reached XP level 3. HP: 33/33 MP: 2/2
  1117 | D:2      | Reached XP level 4. HP: 40/40 MP: 3/3
  1148 | D:2      | Found a faded altar of an unknown god.
  1390 | D:3      | Noticed Natasha
  1540 | D:3      | Slain by a gnoll

Illustrated notes

Levels and vault maps discovered:
D:1:      nzn_arrival_crosshair, layout_basic, nicolae_wormholes
D:2:      layout_loops_ring, ebering_ecumenical_altar_ruins
D:3:      layout_rooms, dreamdust_mushroom_princess, uniq_grinder, uniq_natasha

Skill      XL: |  1  2  3  4 |
---------------+-------------+-----
Axes           | 3 4 |  4.0
Dodging        | 1 |  1.8
Fighting       | 4 |  4.3
Armour         | 4 |  4.2
Shields        | |  3.6

Action                     |  1- 3 |  4- 6 || total
---------------------------+-------+-------++-------
  Melee: War axe           |    90 |    16 ||   106
         Headbutt          |    10 |     4 ||    14
    Use: Scroll            |     4 |       ||     4
 Armour: Scale mail        |    45 |     4 ||    49
  Dodge: Dodged            |    44 |    10 ||    54
  Block: Buckler           |    25 |     5 ||    30

Table legend: (Time is in decaauts)
 A = Elapsed time spent in this place.
 B = Non-inter-level travel time spent in this place.
 C = Inter-level travel time spent in this place.
 D = Time resting spent in this place.
 E = Time spent auto-exploring this place.
 F = Levels seen in this place.
 G = Mean time per level.
                   A        B        C        D        E       F      G
               +--------+--------+--------+--------+--------+-----+--------+
         Total |   1577 |   1459 |    118 |    198 |    846 |   3 |  525.7 |
       Dungeon |   1577 |   1459 |    118 |    198 |    846 |   3 |  525.7 |
               +--------+--------+--------+--------+--------+-----+--------+

Top non-repeatable levels by time:
     D:1: 767 daAuts
     D:2: 767 daAuts
     D:3: 43 daAuts
